 Dungeon Crawl Stone Soup version 0.30.2 (webtiles) character file.

Game seed: 14990300505426264215

1605 porpoise the Skirmisher (level 8, -4/71 HPs)
             Began as a Minotaur Hunter on Jan 25, 2024.
             Was an Elder of Fedhas.
             Slain by a vampire
             ... wielding a +0 mace
              (11 damage)
             ... on level 7 of the Dungeon.
             The game lasted 00:16:22 (6603 turns).

porpoise the Skirmisher (Minotaur Hunter)           Turns: 6603, Time: 00:16:22

Health: -4/71      AC:  5    Str: 16    XL:     8   Next: 63%
Magic:  10/10      EV: 11    Int:  6    God:    Fedhas [****..]
Gold:   254        SH:  0    Dex: 16    Spells: 7/7 levels left

rFire   . . .        w - +0 broad axe
rCold   + . .        (no shield)
rNeg    . . .        g - +0 ring mail
rPois   .            (helmet restricted)
rElec   .            (no cloak)
rCorr   .            (no gloves)
SInv    .            (no boots)
Will    .....        (no amulet)
Stlth   x              - ring of protection from cold
HPRegen 0.31/turn    (no ring)
MPRegen 0.12/turn

%: no passive effects
@: confused
A: horns 2, retaliatory headbutt
a: Renounce Religion, Wall of Briars, Grow Ballistomycete, Overgrow


You were on level 7 of the Dungeon.
You worshipped Fedhas.
Fedhas was greatly pleased with you.
You visited 1 branch of the dungeon, and saw 7 of its levels.

You collected 282 gold pieces.
You spent 28 gold pieces at shops.

Inventory:

Hand Weapons
 a - a +0 shortbow
 b - a +0 dagger of draining
 r - a +0 long sword of electrocution
 w - a +0 broad axe (weapon)
Missiles
 t - a boomerang of dispersal (quivered)
 C - 3 boomerangs
 E - a throwing net
 F - 2 poisoned darts
Armour
 g - a +0 ring mail (worn)
Jewellery
 p - a +6 ring of intelligence
 x - a ring of protection from cold (left hand)
 z - a ring of magical power
Wands
 u - a wand of digging (1)
 I - a wand of roots (3)
Scrolls
 m - a scroll of immolation
 n - a scroll of butterflies
 o - 2 scrolls of noise
 q - a scroll of vulnerability {unknown}
 s - a scroll of enchant armour {unknown}
 v - a scroll of poison {unknown}
 y - a scroll of amnesia {unknown}
 A - a scroll of fog {unknown}
 B - a scroll of silence {unknown}
 D - 2 scrolls of identify
 G - a scroll of fear {unknown}
 H - a scroll of enchant weapon {unknown}
Potions
 c - a potion of curing
 d - a potion of invisibility
 e - a potion of cancellation
 f - 2 potions of might
 h - a potion of ambrosia
 j - 2 potions of magic
 k - a potion of haste {unknown}
 l - 2 potions of brilliance
 J - a potion of lignification {unknown}


   Skills:
 + Level 6.9 Fighting
 * Level 9.7 Ranged Weapons
 - Level 2.2 Armour
 - Level 2.1 Dodging
 - Level 0.7 Stealth
 + Level 4.6 Invocations


You had 7 spell levels left.
You didn't know any spells.
Your spell library contained the following spells:

 Spells                   Type           Power      Damage    Failure   Level
 Apportation              Tloc           0%         N/A       67%         1
 Necrotise                Necr           0%         1d4       67%         1
 Sandblast                Erth           0%         2d4       67%         1
 Sting                    Tmut/Pois      0%         1d3       67%         1
 Summon Small Mammal      Summ           0%         N/A       67%         1
 Poisonous Vapours        Pois/Air       0%         N/A       80%         2
 Dispel Undead            Necr           0%         3d6       100%        4
 Olgreb's Toxic Radiance  Pois           0%         N/A       100%        4
 Borgnjor's Vile Clutch   Necr/Erth      0%         N/A       100%        5
 Borgnjor's Revivificati  Necr           0%         N/A       100%        8
 Necromutation            Tmut/Necr      0%         N/A       100%        8
 Death's Door             Necr           0%         N/A       100%        9


Dungeon Overview and Level Annotations

Branches:
Dungeon (7/15)             Temple (0/1) D:4

Altars:
Fedhas
Hepliaklqana
Qazlal
Ru
Zin
Lugonu

Shops:
D:1 [   D:2 ?=

Portals:
Abyss: D:3


Innate Abilities, Weirdness & Mutations

You have a pair of horns on your head.
You reflexively headbutt those who attack you in melee.


Message History

The vampire is lightly damaged.
You shoot an arrow.
The arrow hits the vampire but does no damage.
The vampire is lightly damaged.
The vampire gestures at you while chanting.
You are confused.
You are too confused!
You are too confused!
Unknown command.
You sense an unholy aura.
b - a +0 dagger of draining (weapon)
w - a +0 broad axe (weapon)
You are too confused!
You are too confused!
Found a scroll of teleportation.
The vampire hits you with a +0 mace! The vampire bites you!
* * * LOW HITPOINT WARNING * * *
The vampire draws strength from your injuries!
You hit the vampire but do no damage. Your headbutt misses the vampire.
The vampire gestures at you while chanting.
You are more confused.
The vampire hits you with a +0 mace!
* * * LOW HITPOINT WARNING * * *
The vampire misses you. The vampire misses you. The vampire barely misses you.
The vampire barely misses you. The vampire closely misses you.
The vampire hits you but does no damage.
The vampire bites you.
* * * LOW HITPOINT WARNING * * *
The vampire draws strength from your injuries!
The vampire hits you with a +0 mace.
* * * LOW HITPOINT WARNING * * *
The vampire closely misses you.
Things that are here:
a +0 shortbow; a centaur corpse The vampire hits you but does no damage.
The vampire completely misses you.
You barely miss the vampire. The vampire hits you with a +0 mace!
You die...
Fedhas appreciates your contribution to the ecosystem. ++###....# ###.##....)#.#.#... ....###### ###+##.....#.#.#...
PPP.

#..............#...
..P
#..........#'####..
_.P
#................#.
...
###'#######....#.##
#)# #....#
#########)#######....#
........@)......#.)..#
........V.......##.#.#
................##.#.#
................#
................#
................#
................#
...............[#
............?...#


You could see a vampire.

Vanquished Creatures
  Menkaure (D:5)
  A black bear (D:4)
  3 centaurs
  Blork the orc (D:4)
  A scorpion (D:5)
  5 hounds
  4 jellies (D:5)
  3 orc priests
  2 gnoll boudas
  4 iguanas
  4 orc wizards
  11 gnolls
  13 adders
  A shadow imp (D:5)
  2 white imps
  4 ufetubi
  7 worms
  5 dart slugs
  29 orcs
  5 ball pythons
  3 endoplasms
  2 giant cockroaches
  7 goblins
  7 hobgoblins
  4 jackals
  4 kobolds
  3 quokkas
  4 bats
  8 frilled lizards
  5 rats
  A lurking horror (D:3)
154 creatures vanquished.

Notes
Turn   | Place    | Note
-------+----------+-------------------------------------------
     0 | D:1      | porpoise the Minotaur Hunter began the quest for the Orb.
     0 | D:1      | Reached XP level 1. HP: 18/18 MP: 0/0
   393 | D:1      | Reached XP level 2. HP: 25/25 MP: 1/1
   551 | D:1      | Found Uhuankyca's Armour Shop.
   551 | D:1      | Noticed an animated storm dragon scales
   551 | D:1      | Noticed an animated gold dragon scales
  1081 | D:2      | Found a blossoming altar of Fedhas.
  1104 | D:2      | Became a worshipper of Fedhas Madash
  1162 | D:2      | Found Pohoewa's Magic Scroll Emporium.
  1169 | D:2      | Reached skill level 5 in Ranged Weapons
  1177 | D:2      | Bought a scroll of identify for 28 gold pieces
  1217 | D:2      | Reached skill level 1 in Armour
  1287 | D:2      | Reached XP level 3. HP: 31/31 MP: 2/2
  1311 | D:2      | Found Yroudi's Jewellery Boutique.
  1473 | D:3      | Reached * piety under Fedhas
  1474 | D:3      | Reached XP level 4. HP: 25/38 MP: 3/3
  1649 | D:3      | Found a glowing silver altar of Zin.
  1653 | D:3      | Found a stormy altar of Qazlal.
  1865 | D:3      | Reached XP level 5. HP: 41/46 MP: 4/4
  1879 | D:3      | Reached skill level 6 in Ranged Weapons
  2224 | D:3      | Found a one-way gate to the infinite horrors of the Abyss.
  2225 | D:3      | Found a corrupted altar of Lugonu.
  2579 | D:4      | Found a staircase to the Ecumenical Temple.
  2623 | D:4      | Reached skill level 1 in Invocations
  2693 | D:4      | Noticed a black bear
  2707 | D:4      | Killed a black bear
  2708 | D:4      | Reached XP level 6. HP: 13/53 MP: 4/6
  2961 | D:4      | Reached ** piety under Fedhas
  3097 | D:4      | Noticed Blork the orc
  3109 | D:4      | Killed Blork the orc
  3110 | D:4      | Reached skill level 7 in Ranged Weapons
  3576 | D:4      | Got Sif Muna's Lessons on Grounded Unhallowed Rites
  3665 | D:5      | Entered Level 5 of the Dungeon
  3805 | D:5      | Reached XP level 7. HP: 46/60 MP: 7/7
  3812 | D:5      | Reached skill level 5 in Fighting
  3979 | D:5      | Found a sacrificial altar of Ru.
  4020 | D:5      | Noticed Menkaure
  4028 | D:5      | HP: 2/61 [Menkaure (10)]
  4029 | D:5      | Killed Menkaure
  4245 | D:5      | Reached skill level 8 in Ranged Weapons
  4464 | D:5      | Reached XP level 8. HP: 70/70 MP: 9/9
  4515 | D:5      | Reached *** piety under Fedhas
  4779 | D:5      | HP: 3/70 [phantom (2)]
  4781 | D:5      | HP: 1/70 [phantom (2)]
  5254 | D:5      | Reached skill level 9 in Ranged Weapons
  5735 | D:6      | Paralysed by a centaur for 2 turns
  5741 | D:6      | Paralysed by a centaur for 5 turns
  6361 | D:7      | Reached **** piety under Fedhas
  6368 | D:7      | Found a hazy altar of Hepliaklqana.
  6519 | D:7      | HP: 1/71 [centaur (5)]
  6603 | D:7      | Slain by a vampire

Illustrated notes

Levels and vault maps discovered:
D:1:      dpeg_arrival_boxorama, layout_loops_corners, serial_shops,
          nicolae_shop_mannequins, minmay_misc_feat_doors, hex_medium
D:2:      layout_rooms, serial_glass, glass_columns_a, glass_columns_c,
          serial_shops, shop, shop_scrolls, basic_altar
D:3:      layout_basic, minitemple, amcnicky_altar_lugonu_corruption
D:4:      layout_gridville, temple_pool_b, nicolae_wormholes, uniq_blork_the_orc
D:5:      minmay_opposing_rooms, layout_loops_ring, lemuel_tele_altar,
          serial_bayou_pond_b, uniq_menkaure
D:6:      layout_basic
D:7:      layout_basic, mainiacjoe_overflow_alcove_4

Skill      XL: |  1  2  3  4  5  6  7  8 |
---------------+-------------------------+-----
Ranged Weapons | 5 6 7 8 9 |  9.7
Fighting       | 3 4 5 6 |  6.9
Armour         | 1 2 |  2.2
Invocations    | 1 2 3 4 |  4.6
Dodging        | |  2.1
Stealth        | |  0.7

Action                     |  1- 3 |  4- 6 |  7- 9 || total
---------------------------+-------+-------+-------++-------
  Melee: Broad axe         |       |     4 |     2 ||     6
         Headbutt          |       |     2 |     5 ||     7
         Punch             |       |     1 |       ||     1
         Dagger            |       |       |    22 ||    22
   Fire: Shortbow          |    93 |   189 |   234 ||   516
 Invoke: Wall of Briars    |       |     1 |       ||     1
    Use: Scroll            |     7 |     3 |     1 ||    11
         Potion            |       |       |     3 ||     3
 Armour: Ring mail         |    12 |    28 |    62 ||   102
         Leather armour    |     1 |       |       ||     1
  Dodge: Dodged            |    28 |    52 |   117 ||   197
